 Dungeon Crawl Stone Soup version 0.29.1-15-g9cfb28693d (webtiles) character file.

Game seed: 827411743699782464

62 Eryximachus the Changer (level 4, -1/28 HPs)
             Began as an Octopode Transmuter on Apr 7, 2023.
             Slain by a goblin
             ... wielding a +0 club
             ... led by Robin
              (4 damage)
             ... on level 2 of the Dungeon on Apr 8, 2023.
             The game lasted 00:13:09 (2637 turns).

Eryximachus the Changer (Octopode Transmuter)       Turns: 2637, Time: 00:13:10

Health: -1/28      AC:  2    Str:  9    XL:     4   Next: 8%
Magic:  3/8        EV: 19    Int: 17    God:
Gold:   92         SH:  0    Dex: 17    Spells: 2/8 levels left

rFire   . . .      SeeInvis .     - Unarmed
rCold   + . .      Faith    .   (shield currently unavailable)
rNeg    . . .      Spirit   .   (helmet currently unavailable)
rPois   x          Reflect  .   (no amulet)
rElec   .          Harm     .   C - ring of protection from cold
rCorr   .          Rampage  .   (no ring)
Will    .....                   (no ring)
Stlth   ++........              (no ring)
HPRegen 0.09/turn               (no ring)
MPRegen 0.11/turn               (no ring)
                                (no ring)
                                (no ring)

@: lethally poisoned (-1 -> -13), spider-form, wereblooded
A: venomous fangs, almost no armour, (amphibious), 8 rings, tiny, (camouflage
1), (gelatinous body 1), (nimble swimmer 1), (tentacles)
a: End Transformation


You were on level 2 of the Dungeon.
You were a venomous arachnid creature.
You visited 1 branch of the dungeon, and saw 3 of its levels.

You collected 92 gold pieces.


Innate Abilities, Weirdness & Mutations

You are a venomous arachnid creature.
You have poisonous fangs.
You are tiny and dextrous.
Your spellcasting is less reliable in this form.
Your armour is entirely melded.
You are incapable of wielding weapons or throwing items.
You cannot wear most types of armour.
((You are amphibious.))
You can wear up to eight rings at the same time.
((Your skin changes colour to match your surroundings (Stealth+).))
((Your rubbery body absorbs attacks. (AC +1, EV +1)))
((You are camouflaged when in or above water. (Stealth+)))
((You have tentacles for arms and can constrict up to eight enemies at once.))


   Skills:
 - Level 1.0 Fighting
 - Level 2.0 Dodging
 - Level 3.0 Unarmed Combat
 + Level 2.6 Spellcasting
 * Level 3.5 Transmutations
 * Level 1.1 Poison Magic


You had 2 spell levels left.
You knew the following spells:

 Your Spells              Type           Power      Damage    Failure   Level
b - Beastly Appendage     Tmut           28%        N/A       13%         1
s - Spider Form           Tmut/Pois      10%        N/A       43%         3
w - Wereblood             Tmut           14%        N/A       17%         2

Your spell library contained the following spells:

 Spells                   Type           Power      Damage    Failure   Level
 Ice Form                 Ice/Tmut       8%         N/A       83%         4

Inventory:

Hand Weapons
 k - the +1 dagger "Wecoeb" (melded) {flame, rCorr}
   (You found it on level 2 of the Dungeon)

   It burns those it strikes, dealing additional fire damage.
   rCorr:     It protects you from acid and corrosion.
Missiles
 d - a poisoned dart (quivered)
Jewellery
 C - a ring of protection from cold (left front leg)
Scrolls
 c - a scroll of teleportation {unknown}
 f - a scroll of immolation {unknown}
 g - a scroll of magic mapping {unknown}
 h - a scroll of vulnerability {unknown}
 i - a scroll of poison {unknown}
 l - a scroll of noise {unknown}
Potions
 b - a potion of ambrosia {unknown}
 e - a potion of resistance {unknown}
 j - a potion of magic {unknown}
 m - a potion of mutation {unknown}

Dungeon Overview and Level Annotations

Branches:
Dungeon (3/15)

Altars:

Annotations:
D:2 Robin

....#.. ##..# #
..####..###..
#####..
...##..#.......
#..#..#......
#.>........
#...g...#
#....g..#
#..ggg..#
#..gsgg.#
#########


You could see Robin, a hobgoblin and 6 goblins.


Message History

You turn into a venomous arachnid creature.
The +1 dagger "Wecoeb" {flame, rCorr} melds into your body.
The +1 dagger "Wecoeb" {flame, rCorr} stops flaming.
There is a stone staircase leading down, spattered with blood here.
You climb downwards.
Level annotation: Robin The hobgoblin hits you.
The goblin hits you with a +0 dagger of venom.
You are lethally poisoned!
Robin throws the goblin at you! The goblin closely misses you.
There is a stone staircase leading up, spattered with blood here.
You bite the goblin!
You feel a bit better.
You kill the goblin!
You feel very sick. The goblin misses you. The hobgoblin misses you.
The goblin barely misses you.
You barely miss the goblin.
* * * LOW HITPOINT WARNING * * *
You feel very sick. The goblin closely misses you.
Robin throws the goblin at you!
* * * LOW HITPOINT WARNING * * *
The hobgoblin misses you. The goblin misses you. The goblin barely misses you.
The goblin hits you with a +0 club.
* * * LOW HITPOINT WARNING * * *
* * * LOW HITPOINT WARNING * * *
You feel very sick. The goblin hits you with a +0 dagger.
* * * LOW HITPOINT WARNING * * *
The hobgoblin closely misses you. The goblin hits you but does no damage.
The goblin hits you with a +0 club.
You die...

Skill      XL: |  1  2  3  4 |
---------------+-------------+-----
Transmutations | 3 |  3.5
Poison Magic   | 1 |  1.1
Fighting       | |  1.0
Dodging        | |  2.0
Unarmed Combat | |  3.0
Spellcasting   | |  2.6

Action                   |  1- 3 |  4- 6 || total
-------------------------+-------+-------++-------
Melee: Unarmed           |    62 |     2 ||    64
       Kick              |    14 |     2 ||    16
       Constrict         |    21 |     2 ||    23
       Tentacles         |    11 |       ||    11
       Dagger            |    18 |     5 ||    23
Throw: Dart              |     3 |       ||     3
 Cast: Beastly Appendage |    14 |     1 ||    15
       Wereblood         |     4 |     2 ||     6
       Spider Form       |       |     1 ||     1
  Use: Potion            |       |     1 ||     1
 Stab: Sleeping          |     7 |       ||     7
Armor: Skin              |     6 |     4 ||    10
Dodge: Dodged            |    50 |    16 ||    66

Levels and vault maps discovered:
D:1:      lightli_arrival_flooded_house, layout_loops_ring, minmay_hexomino_u4
D:2:      layout_rooms, dk_noncrumbling_3,
          wander_ebering_terrifying_dragon_lair, uniq_crazy_yiuf_cottage,
          uniq_robin
D:3:      layout_basic, grunt_temple_overflow_holy_war, zin_scriptorium,
          mainiacjoe_overflow_alcove_1, serial_shops, shop, minmay_pentangle,
          uniq_grinder

Notes
Turn   | Place    | Note
-------+----------+-------------------------------------------
     0 | D:1      | Eryximachus the Octopode Transmuter began the quest for the
                  | Orb.
     0 | D:1      | Reached XP level 1. HP: 13/13 MP: 3/3
   694 | D:1      | Reached XP level 2. HP: 17/18 MP: 5/5
   704 | D:1      | Learned a level 2 spell: Wereblood
  1260 | D:1      | Reached skill level 3 in Transmutations
  1267 | D:1      | Reached XP level 3. HP: 21/23 MP: 2/6
  1705 | D:2      | Identified the +1 dagger "Wecoeb" {flame, rCorr}
  1745 | D:2      | Learned a level 3 spell: Spider Form
  1916 | D:2      | HP: 2/23 [adder (4)]
  1918 | D:2      | Reached XP level 4. HP: 6/28 MP: 4/7
  1922 | D:2      | HP: 4/42 [poisoned by an adder]
  2241 | D:2      | Noticed Robin
  2253 | D:1      | Reached skill level 1 in Poison Magic
  2637 | D:2      | Slain by a goblin

Vanquished Creatures
  An adder (D:2)
  A worm (D:2)
  4 dart slugs (D:1)
  2 ball pythons
  2 bats (D:1)
  5 endoplasms (D:1)
  3 giant cockroaches (D:1)
  2 hobgoblins (D:2)
  5 kobolds (D:1)
  2 quokkas (D:1)
  4 frilled lizards
  5 goblins
  6 rats
42 creatures vanquished.

Table legend: (Time is in decaauts)
 A = Elapsed time spent in this place.
 B = Non-inter-level travel time spent in this place.
 C = Inter-level travel time spent in this place.
 D = Time resting spent in this place.
 E = Time spent auto-exploring this place.
 F = Levels seen in this place.
 G = Mean time per level.
                   A        B        C        D        E       F      G
               +--------+--------+--------+--------+--------+-----+--------+
         Total |   2634 |   2549 |     85 |   1315 |     87 |   3 |  878.0 |
       Dungeon |   2634 |   2549 |     85 |   1315 |     87 |   3 |  878.0 |
               +--------+--------+--------+--------+--------+-----+--------+

Top non-repeatable levels by time:
     D:1: 2252 daAuts
     D:2: 375 daAuts
     D:3: 5 daAuts

Table legend:
 A = Non-vault XP
 B = Vault XP
 C = Vault XP percentage of total XP
 D = Non-vault monster count
 E = Vault monster count
 F = Vault count percentage of total count
                 A         B        C        D         E       F
            +---------+---------+-------+---------+---------+-------
      Total |      75 |      14 |  15.7 |      33 |       9 |  21.4
            +---------+---------+-------+---------+---------+-------
        D:1 |      47 |      12 |  20.3 |      24 |       7 |  22.6
        D:2 |      28 |       2 |   6.7 |       9 |       2 |  18.2
            +---------+---------+-------+---------+---------+-------
